 Dungeon Crawl Stone Soup version 0.29-a0-317-gd16b76e6b1 (webtiles) character file.

Game seed: 14688135366734371748

2719 kae the Arsonist (level 9, 0/52 HPs)
             Began as a Tengu Fire Elementalist on Mar 31, 2022.
             Was a Follower of Vehumet.
             Killed from afar by Joseph (1 damage)
             ... with a puff of flame
             ... on level 7 of the Dungeon.
             The game lasted 00:05:42 (9705 turns).

kae the Arsonist (Tengu Fire Elementalist)          Turns: 9705, Time: 00:05:42

Health: 0/52       AC:  7    Str:  9    XL:     9   Next: 66%
Magic:  5/16       EV: 17    Int: 19    God:    Vehumet [*.....]
Gold:   75         SH:  0    Dex: 15    Spells: 3/16 levels left

rFire   . . .      SeeInvis .   i - +3 spear (flame)
rCold   . . .      Faith    .   (no shield)
rNeg    . . .      Spirit   .   a - +1 robe
rPois   .          Reflect  .   (helmet restricted)
rElec   .          Harm     .   (no cloak)
rCorr   .          Rampage  .   (no gloves)
Will    .....                   (boots unavailable)
Stlth   ++........              (no amulet)
HPRegen 0.17/turn               d - +4 ring of protection
MPRegen 0.15/turn               (no ring)

@: flying quickly and evasively, quick
A: beak, talons 3, nimble flight
a: Renounce Religion


You were on level 7 of the Dungeon.
You worshipped Vehumet.
Vehumet was aware of your devotion.
You visited 2 branches of the dungeon, and saw 8 of its levels.

You collected 436 gold pieces.
You spent 361 gold pieces at shops.

Inventory:

Hand Weapons
 c - a +0 short sword
 i - a +3 spear of flaming (weapon)
Armour
 a - a +1 robe (worn)
Jewellery
 d - a +4 ring of protection (left hand)
 r - an amulet of the acrobat
Scrolls
 f - a scroll of fear
 h - 3 scrolls of teleportation
 q - 2 scrolls of magic mapping
 t - 2 scrolls of enchant armour
Potions
 b - 2 potions of magic
 e - 2 potions of brilliance
 g - 6 potions of mutation
 j - 5 potions of heal wounds
 k - a potion of attraction
 l - 3 potions of lignification
 m - 3 potions of haste
 n - 3 potions of might
 o - 2 potions of curing {unknown}
 s - a potion of berserk rage


   Skills:
 + Level 4.2 Fighting
 + Level 4.7 Armour
 + Level 5.4 Dodging
 - Level 2.0 Stealth
 + Level 4.7 Unarmed Combat
 + Level 4.4 Spellcasting
 + Level 6.0 Conjurations
 * Level 8.0 Fire Magic


You had 3 spell levels left.
You knew the following spells:

 Your Spells              Type           Power      Damage    Failure   Level
a - Foxfire               Conj/Fire      100%       2x1d9     1%          1
b - Scorch                Fire           68%        2d8       1%          2
c - Conjure Flame         Conj/Fire      30%        6-21      2%          3
d - Inner Flame           Hex/Fire       19%        N/A       8%          3
e - Flame Wave            Conj/Fire      30%        2d8       8%          4

Your spell library contained the following spells:

 Spells                   Type           Power      Damage    Failure   Level
 Freeze                   Ice            16%        1d4       13%         1
 Animate Skeleton         Necr           8%         N/A       13%         1
 Pain                     Necr           16%        1d4       13%         1
 Sublimation of Blood     Necr           4%         N/A       21%         2
 Wereblood                Tmut           4%         N/A       21%         2
 Tukima's Dance           Hex            4%         N/A       36%         3
 Vampiric Draining        Necr           4%         2d6       36%         3
 Anguish                  Hex/Necr       2%         N/A       78%         4
 Alistair's Intoxication  Tmut/Pois      2%         N/A       98%         5
 Borgnjor's Vile Clutch   Necr/Erth      2%         N/A       98%         5
 Eringya's Noxious Bog    Tmut/Pois      2%         N/A       100%        6
 Enfeeble                 Hex            2%         N/A       100%        7
 Summon Hydra             Summ           2%         N/A       100%        7


Dungeon Overview and Level Annotations

Branches:
Dungeon (7/15)             Temple (1/1) D:4

Altars:
Ashenzari
Cheibriados
Dithmenos
Elyvilon
Gozag
Hepliaklqana
Kikubaaqudgha
Makhleb
Nemelex Xobeh
Okawaru
Qazlal
Ru
Sif Muna
Trog
Uskayaw
Vehumet
Wu Jian
Xom
The Shining One

Shops:
D:6 :[!:   D:7 :([**

Annotations:
D:7 Joseph


Innate Abilities, Weirdness & Mutations

You have a beak for a mouth.
You have claws for feet.
Your magical nature lets you fly swiftly and evasively.


Message History

Confirm with . or Enter, or press ? or * to list all spells.
Flames lash Joseph.
Joseph is burned terribly!
Joseph is heavily wounded.
Joseph shoots a sling bullet.
The sling bullet hits you. The sling bullet freezes you.
Joseph shoots a sling bullet.
The sling bullet barely misses you. The sling bullet hits your black bear!
The sling bullet freezes your black bear.
Casting: Scorch (safe; 1% risk of failure)
Confirm with . or Enter, or press ? or * to list all spells.
You can't see any susceptible monsters within range! (Use Z to cast anyway.) Joseph shoots a sling bullet.
The sling bullet hits your black bear!!
The sling bullet freezes your black bear.
Your black bear dies!
Your black bear's corpse dissolves into shadows!
Joseph zaps a wand.
The puff of flame hits you.
Casting: Scorch (safe; 1% risk of failure)
Confirm with . or Enter, or press ? or * to list all spells.
Flames lash Joseph.
Joseph is burned terribly!
Joseph is heavily wounded.
Joseph zaps a wand.
The puff of flame hits you.
Joseph shoots a sling bullet.
The sling bullet misses you.
Casting: Scorch (safe; 1% risk of failure)
Confirm with . or Enter, or press ? or * to list all spells.
Flames lash Joseph.
Joseph is burned terribly!
Joseph is severely wounded.
Joseph shoots a sling bullet.
The sling bullet hits you! The sling bullet freezes you.
Joseph shoots a sling bullet.
The sling bullet hits you. The sling bullet freezes you.
Casting: Scorch (safe; 1% risk of failure)
Confirm with . or Enter, or press ? or * to list all spells.
Flames lash Joseph.
Joseph is burned terribly!
Joseph is almost dead.
Joseph shoots a sling bullet.
The sling bullet hits you!
* * * LOW HITPOINT WARNING * * *
The sling bullet freezes you.
* * * LOW HITPOINT WARNING * * *
Joseph zaps a wand.
The puff of flame hits you.
You die...

### .......o. #.### ......@
##...## ...... #.....## .....
##......## #... #........##
#@. ##.........###ยง#
#...........##.#
#............#@### ######
#................#####....##
#.............#............##
#............###............##
##............#
#.............#
#............##
#.............# ##...........#
#.............# #............#
#............## ##...........#
#............##


You could see Joseph (combustible).

Vanquished Creatures
  A two-headed ogre (D:7)
  Grinder (D:5)
  Menkaure (D:7)
  3 water moccasins
  A centaur (D:7)
  4 ogres
  A phantom (D:7)
  A kobold brigand (D:6)
  3 scorpions
  A bullfrog (D:5)
  2 electric eels (D:7)
  2 orc priests
  3 hounds
  2 jellies
  4 iguanas
  4 orc wizards
  8 adders
  An ufetubus (D:3)
  3 worms
  2 dart slugs
  16 orcs
  3 ball pythons
  6 endoplasms
  4 giant cockroaches
  10 goblins
  10 hobgoblins
  6 quokkas
  6 bats
  3 frilled lizards
  12 kobolds
  7 rats
  A spectral goblin (D:4)
132 creatures vanquished.

Vanquished Creatures (collateral kills)
  11 foxfires
11 creatures vanquished.

Vanquished Creatures (others)
  467 foxfires
  A plant (D:4)
468 creatures vanquished.

Grand Total: 611 creatures vanquished

Notes
Turn   | Place    | Note
-------+----------+-------------------------------------------
     0 | D:1      | kae the Tengu Fire Elementalist began the quest for the
                  | Orb.
     0 | D:1      | Reached XP level 1. HP: 10/10 MP: 4/4
   208 | D:1      | Reached XP level 2. HP: 15/15 MP: 3/6
   806 | D:1      | Reached XP level 3. HP: 20/20 MP: 2/7
   809 | D:1      | Learned a level 2 spell: Scorch
   813 | D:1      | Learned a level 3 spell: Conjure Flame
   877 | D:1      | Found a faded altar of an unknown god.
  1464 | D:2      | Reached skill level 1 in Unarmed Combat
  1605 | D:2      | Reached skill level 1 in Armour
  1625 | D:2      | Reached skill level 4 in Fire Magic
  1625 | D:2      | Reached XP level 4. HP: 19/24 MP: 6/8
  2668 | D:3      | Reached skill level 1 in Fighting
  3159 | D:3      | Gained mutation: Your magical nature lets you fly swiftly
                  | and evasively. [Tengu growth]
  3159 | D:3      | Reached XP level 5. HP: 29/29 MP: 6/9
  3600 | D:4      | Noticed an ogre
  3618 | D:4      | Killed an ogre
  3619 | D:4      | Reached XP level 6. HP: 34/34 MP: 3/10
  3783 | D:4      | Found an iron altar of Okawaru.
  4208 | D:4      | Found a staircase to the Ecumenical Temple.
  4286 | Temple   | Entered the Ecumenical Temple
  4401 | Temple   | Became a worshipper of Vehumet
  4699 | D:4      | Found a hazy altar of Hepliaklqana.
  4786 | D:4      | Reached skill level 5 in Fire Magic
  5164 | D:5      | Entered Level 5 of the Dungeon
  5175 | D:5      | Noticed Grinder
  5195 | D:5      | Paralysed by Grinder for 7 turns
  5206 | D:5      | Killed Grinder
  5207 | D:5      | Reached XP level 7. HP: 31/40 MP: 3/12
  6013 | D:5      | Reached XP level 8. HP: 40/45 MP: 6/13
  6134 | D:5      | Reached skill level 6 in Fire Magic
  6399 | D:6      | Learned a level 3 spell: Inner Flame
  6404 | D:6      | Learned a level 4 spell: Flame Wave
  6484 | D:6      | Found Jott's Book Emporium.
  7684 | D:6      | Found Jummaiz's Antique Armour Emporium.
  7801 | D:6      | Found Kiononn's Book Boutique.
  7847 | D:6      | Found Zuext's Distillery.
  7858 | D:6      | Reached skill level 5 in Conjurations
  7937 | D:6      | Reached * piety under Vehumet
  7937 | D:6      | Offered knowledge of Freeze by Vehumet.
  8293 | D:6      | Reached skill level 7 in Fire Magic
  8477 | D:6      | Bought a potion of heal wounds for 70 gold pieces
  8477 | D:6      | Bought a potion of berserk rage for 70 gold pieces
  8477 | D:6      | Bought 2 potions of lignification for 84 gold pieces
  8477 | D:6      | Bought a potion of heal wounds for 70 gold pieces
  8550 | D:7      | Found Mulodih's Antique Armour Shop.
  8575 | D:7      | Noticed a two-headed ogre
  8582 | D:7      | Found a white marble altar of Elyvilon.
  8625 | D:7      | Killed a two-headed ogre
  8626 | D:7      | Reached skill level 5 in Dodging
  8626 | D:7      | Reached XP level 9. HP: 52/52 MP: 3/16
  9031 | D:7      | Found a bloodstained altar of Trog.
  9072 | D:7      | Found Gehaol's Assorted Antiques.
  9100 | D:7      | Bought a red potion for 22 gold pieces
  9116 | D:7      | Found Coklain's Assorted Antiques.
  9124 | D:7      | Bought a red potion for 21 gold pieces
  9124 | D:7      | Bought a scroll labelled URCHUB IFFEGAYS for 24 gold pieces
  9228 | D:7      | Found an ornate altar of the Wu Jian Council.
  9309 | D:7      | Found Ufeocoh's Self-Improvement Boutique.
  9311 | D:7      | Noticed Menkaure
  9316 | D:7      | Killed Menkaure
  9527 | D:7      | Reached skill level 8 in Fire Magic
  9617 | D:7      | Found Viewoeca's Antique Weapon Shoppe.
  9675 | D:7      | Noticed Joseph
  9704 | D:7      | HP: 1/52 [Joseph/sling bullet (4)]
  9705 | D:7      | Killed from afar by Joseph

Illustrated notes

Levels and vault maps discovered:
D:1:      saegor_arrival_simple_e, layout_rooms, shapermc_ecumenical_altar_petra
D:2:      layout_loops_cross
D:3:      layout_rooms, dreamdust_princess_corridor,
          chequers_serial_rivers_micro_a, minivault_25
D:4:      layout_basic, nicolae_hepliaklqana_monster_ancestors,
          nicolae_overflow_hidden_temple, minmay_temple_entry_drinking_statues,
          serial_bayou_lake_a
D:5:      layout_loops_cross, uniq_grinder
D:6:      layout_basic, serial_shops, nicolae_stop_n_shop_1,
          nicolae_diamond_shop, nicolae_shop_trees, nicolae_inconvenience_store,
          kennysheep_generic_room_10
D:7:      layout_cave_pods, nicolae_elyvilon_temple_path, kennysheep_little_box,
          nicolae_wu_jian_wuxing_cycle, serial_shops, nicolae_shop_waterfront,
          nicolae_shop_trees, shop, shop, nicolae_shop_self_help, uniq_menkaure,
          uniq_joseph
Temple:   nicolae_temple_great_sept

Skill      XL: |  1  2  3  4  5  6  7  8  9 |
---------------+----------------------------+-----
Conjurations   | 2 3 4 5 6 |  6.0
Unarmed Combat | 1 2 3 4 |  4.7
Armour         | 1 2 3 4 |  4.7
Fire Magic     | 4 5 7 8 |  8.0
Fighting       | 1 2 3 4 |  4.2
Dodging        | 3 4 5 |  5.4
Spellcasting   | 3 4 |  4.4
Stealth        | |  2.0

Action                   |  1- 3 |  4- 6 |  7- 9 || total
-------------------------+-------+-------+-------++-------
Melee: Short sword       |     3 |       |       ||     3
       Spear             |     1 |    33 |    20 ||    54
       Kick              |     1 |     6 |     3 ||    10
       Peck              |       |     5 |     5 ||    10
 Cast: Foxfire           |    68 |   118 |   109 ||   295
       Scorch            |       |    13 |    53 ||    66
       Conjure Flame     |       |     2 |     6 ||     8
  Use: Scroll            |     1 |     5 |     8 ||    14
 Stab: Sleeping          |       |     1 |       ||     1
Armor: Robe              |     1 |    18 |    23 ||    42
Dodge: Dodged            |     4 |    41 |    60 ||   105

Table legend: (Time is in decaauts)
 A = Elapsed time spent in this place.
 B = Non-inter-level travel time spent in this place.
 C = Inter-level travel time spent in this place.
 D = Time resting spent in this place.
 E = Time spent auto-exploring this place.
 F = Levels seen in this place.
 G = Mean time per level.
                   A        B        C        D        E       F      G
               +--------+--------+--------+--------+--------+-----+--------+
         Total |   9398 |   9060 |    338 |   1086 |   6652 |   8 | 1174.8 |
       Dungeon |   9284 |   8970 |    314 |   1086 |   6573 |   7 | 1326.3 |
        Temple |    113 |     89 |     24 |      0 |     78 |   1 |  113.0 |
               +--------+--------+--------+--------+--------+-----+--------+

Top non-repeatable levels by time:
     D:6: 1887 daAuts
     D:2: 1593 daAuts
     D:4: 1470 daAuts
     D:5: 1367 daAuts
     D:7: 1092 daAuts
     D:3: 957 daAuts
     D:1: 914 daAuts
  Temple: 113 daAuts
